 Dungeon Crawl Stone Soup version 0.14-a0-2810-g474977d (webtiles) character file.

294 GeneKelly the Sneak (level 4, 0/21 HPs)
             Began as a Spriggan Enchanter on Feb 25, 2014.
             Was an Initiate of Dithmenos.
             Slain by a hound (1 damage)
             ... on Level 4 of the Dungeon.
             The game lasted 00:14:01 (3392 turns).

GeneKelly the Sneak (Spriggan Enchanter)            Turns: 3392, Time: 00:14:01

HP   0/21        AC  3     Str  5      XL: 4   Next: 82%
MP  12/12        EV 18     Int 16      God: Dithmenos [......]
Gold 169         SH  0     Dex 16      Spells:  1 memorised,  7 levels left

rFire  . . .     SeeInvis +     a - +1 dagger
rCold  . . .     Clarity  .     b - +1 robe
rNeg   . . .     Conserve .     (shield restricted)
rPois  .         rCorr    .     (helmet restricted)
rElec  .         rRot     .     (no cloak)
SustAb . .       Spirit   .     (gloves unavailable)
rMut   .         Warding  .     (boots unavailable)
Saprov . . .     Stasis   .     (no amulet)
MR     .....                    (no ring)
                                (no ring)

@: very quick, not resistant to hostile enchantments, quite stealthy
A: unfitting armour, see invisible, herbivore 3, speed 3, slow metabolism 2
a: Renounce Religion


You were on level 4 of the Dungeon.
You worshipped Dithmenos.
Dithmenos was noncommittal.
You were not hungry.

You visited 1 branch of the dungeon, and saw 4 of its levels.

You collected 169 gold pieces.

Inventory:

Hand weapons
 a - a +1,+1 dagger (weapon)
Armour
 b - a +1 robe (worn)
 d - a +0 cloak
Comestibles
 g - 4 bread rations
 q - 2 pears
 u - a cheese
Scrolls
 i - 6 scrolls of remove curse
 j - a scroll of enchant weapon II {unknown}
 m - a scroll of noise {unknown}
 n - a scroll of fear {unknown}
 o - 2 scrolls of identify {unknown}
 p - a scroll of fog {unknown}
 r - a scroll of blinking {unknown}
 w - a scroll of curse armour {unknown}
 x - a scroll of teleportation {unknown}
Jewellery
 h - an uncursed ring of flight
Potions
 e - a potion of porridge
 f - 2 potions of confusion {unknown}
 k - a potion of lignification {unknown}
 l - a potion of curing
 s - a potion of agility {unknown}
 t - a potion of mutation {unknown}
 v - a potion of might {unknown}
 z - a potion of brilliance {unknown}
Books
 c - a book of Maledictions

   Spells                             Type                      Level
   *Corona                            Hexes                        1
   Sure Blade                         Hexes/Charms                 2
   Ensorcelled Hibernation            Hexes/Ice                    2
   Confuse                            Hexes                        3
   Enslavement                        Hexes                        4
   Invisibility                       Hexes                        6


   Skills:
 + Level 3.5 Short Blades
 - Level 1.1 Throwing
 - Level 3.0 Dodging
 + Level 6.1 Stealth
 - Level 2.6 Spellcasting
 - Level 3.7 Hexes


You had 7 spell levels left.
You knew the following spells:

 Your Spells              Type           Power        Failure   Level  Hunger
a - Corona                Hex            ##.....      6%          1    #......


Dungeon Overview and Level Annotations

Branches:
Dungeon (4/16)
 Temple: D:4-7

Altars:
Dithmenos


Innate Abilities, Weirdness & Mutations

You are tiny and cannot use many weapons and most armour.
You have supernaturally acute eyesight.
You are a herbivore.
You cover ground extremely quickly.
You need consume almost no food.


Message History

You closely miss the hound.
The hound is lightly wounded.
The hound completely misses you. The hound barely misses you.
You hit the hound.
The hound is lightly wounded.
The hound misses you.
You hit the hound.
The hound is lightly wounded.
The hound barely misses you.
You hit the hound.
The hound is moderately wounded.
The hound closely misses you.
You hit the hound.
The hound is moderately wounded.
The hound bites you but does no damage. The hound bites you.
* * * LOW HITPOINT WARNING * * *
You hit the hound.
The hound is moderately wounded.
The hound bites you.
You die...

########################
.......................#
.......................#
##.......######h.......#
#.......# #.@......#
#.......# #...$....#
#.......# #........#
#.......# #..<.....#
##.......# #........#
.........# #........
.........# #.......
.......... .......
#######... ...


You could see a hound.

Vanquished Creatures
  7 adders
  A worm (D:3)
  A giant gecko (D:2)
  6 giant cockroaches
  5 goblins
  7 hobgoblins
  5 jackals (D:2)
  9 bats
  2 giant newts
  6 kobolds
  6 rats
55 creatures vanquished.

Notes
Turn   | Place    | Note
--------------------------------------------------------------
     0 | D:1      | GeneKelly, the Spriggan Enchanter, began the quest for the Orb.
     0 | D:1      | Reached XP level 1. HP: 9/9 MP: 4/4
   253 | D:1      | Reached XP level 2. HP: 8/13 MP: 7/7
  1198 | D:2      | Reached skill level 4 in Stealth
  1301 | D:2      | Found a shadowy altar of Dithmenos.
  1454 | D:2      | Became a worshipper of Dithmenos
  1540 | D:2      | Reached XP level 3. HP: 8/16 MP: 9/9
  1627 | D:2      | Noticed a giant goldfish
  1631 | D:2      | Noticed a giant goldfish
  1634 | D:2      | Noticed a giant goldfish
  1634 | D:2      | Noticed a giant goldfish
  2233 | D:2      | Reached skill level 5 in Stealth
  2347 | D:2      | Noticed a giant goldfish
  2654 | D:3      | Reached XP level 4. HP: 18/21 MP: 12/12
  3150 | D:4      | Reached skill level 6 in Stealth
  3391 | D:4      | HP: 1/21 [hound (3)]
  3392 | D:4      | Slain by a hound

Action                   |  1- 3 |  4- 6 || total
-------------------------+-------+-------++-------
Melee: Dagger            |   242 |    41 ||   283
Throw: Dart              |    22 |       ||    22
  Use: Potion            |     2 |       ||     2
       Scroll            |     1 |       ||     1
 Stab: Sleeping          |     5 |     7 ||    12
       Distracted        |     1 |       ||     1
